 Dungeon Crawl Stone Soup version 0.21-a0-584-g185da8e (webtiles) character file.

79064 tilp the Fighter (level 15, -2/105 HPs)
             Began as a Grey Draconian Wizard on Dec 19, 2017.
             Was an Elder of Vehumet.
             Killed from afar by a wretched star (21 damage)
             ... with an orb of energy
             ... on level 2 of the Abyss on Dec 22, 2017.
             The game lasted 03:40:31 (51225 turns).

tilp the Fighter (Grey Draconian Wizard)           Turns: 51225, Time: 03:40:32

Health: -2/105     AC: 19    Str:  9    XL:     15   Next: 19%
Magic:  24/24      EV: 19    Int: 22    God:    Vehumet [****..]
Gold:   1595       SH:  0    Dex: 14    Spells: 4/38 levels left

rFire    + . .     SeeInvis +   R - +2 quarterstaff of Rotation {speed, rF+ MR+}
rCold    . . .     Gourm    .   (shield currently unavailable)
rNeg     . . .     Faith    .   (armour unavailable)
rPois    .         Spirit   .   Z - +0 hat {SInv}
rElec    .         Reflect  .   n - +2 cloak {+Inv}
rCorr    .         Harm     .   p - +0 pair of gloves {Dex+3}
MR       ++...                  (no boots)
Stlth    ++........             k - amulet of rage
HPRegen  0.27/turn              A - +2 ring of intelligence
MPRegen  0.19/turn              a - ring of wizardry

@: about to teleport
A: walk through water, unfitting armour, stinger 1, [dopey 2], [frail 2], [low
mp 2], shaggy fur 1, unbreathing, [no potion heal 3], cold-blooded, [subdued
magic 2], [MP-powered wands], AC +14
a: Renounce Religion, Evoke Berserk Rage, Evoke Invisibility


You were on level 2 of the Abyss.
You worshipped Vehumet.
Vehumet was greatly pleased with you.
You were hungry.

You visited 5 branches of the dungeon, and saw 25 of its levels.
You visited the Abyss 1 time.

You collected 1931 gold pieces.
You spent 336 gold pieces at shops.

Inventory:

Hand Weapons
 z - a +1 eveningstar of protection
 M - a +2 executioner's axe of freezing
 R - the +2 quarterstaff of Rotation (weapon) {speed, rF+ MR+}
   (You found it on level 9 of the Dungeon)

   Attacks with this weapon are significantly faster.
   It protects you from fire.
   It affects your resistance to hostile enchantments.
Missiles
 w - 8 javelins (quivered)
Armour
 n - a +2 cloak of invisibility (worn)
 p - a +0 pair of gloves of dexterity (worn)
 Z - a +0 hat of see invisible (worn)
Magical Staves
 Q - an uncursed staff of air {unknown}
Jewellery
 a - a ring of wizardry (right hand)
 k - an amulet of rage (around neck)
 A - a +2 ring of intelligence (left hand)
 N - an uncursed ring of protection from magic {unknown}
Wands
 b - a wand of digging (10)
 x - a wand of paralysis (15)
 F - a wand of enslavement (36)
 J - a wand of acid (17)
 V - a wand of iceblast (6)
 X - a wand of clouds (9)
Scrolls
 f - 5 scrolls of fear
 h - 10 scrolls of remove curse
 j - 7 scrolls of teleportation
 l - 5 scrolls of magic mapping
 r - 2 scrolls of random uselessness {unknown}
 B - 2 scrolls of holy word {unknown}
 E - a scroll of noise {unknown}
 G - 3 scrolls of fog
 L - 2 scrolls of enchant weapon
 O - a scroll of silence
 P - a scroll of brand weapon {unknown}
 T - a scroll of blinking {unknown}
 U - a scroll of enchant armour {unknown}
Potions
 d - 2 potions of mutation
 e - 3 potions of cancellation
 g - a potion of berserk rage {unknown}
 i - a potion of resistance
 q - 3 potions of agility
 s - 3 potions of brilliance
 t - 4 potions of flight
 v - a potion of ambrosia {unknown}
 C - 3 potions of haste
 I - a potion of might {unknown}
 K - a potion of invisibility
 S - 3 potions of curing
Miscellaneous
 o - a lightning rod (1/4)
 H - a crystal ball of energy
 W - a phial of floods
Comestibles
 c - 26 rations
 m - 4 chunks of flesh


   Skills:
 - Level 12.0 Fighting
 - Level 4.0 Staves
 + Level 11.4 Dodging
 - Level 1.7 Stealth
 - Level 12.0 Spellcasting
 - Level 12.0 Conjurations
 - Level 2.1 Hexes
   Level 2.1 Summonings
 - Level 1.0 Translocations
 - Level 2.1 Fire Magic
 - Level 4.1 Ice Magic
 - Level 4.0 Air Magic
 - Level 10.2 Earth Magic
 - Level 2.1 Poison Magic
 - Level 5.2 Evocations


You had 4 spell levels left.
You knew the following spells:

 Your Spells              Type           Power        Failure   Level  Hunger
a - Magic Dart            Conj           ####         0%          1    None
b - Iskenderun's Battles  Conj/Chrm      ###.....     1%          5    ####...
c - Slow                  Hex            ##......     1%          2    None
d - Blink                 Tloc           N/A          1%          2    None
e - Conjure Flame         Conj/Fire      ####....     1%          3    None
f - Mephitic Cloud        Conj/Pois/Air  ###.....     1%          3    None
h - Throw Frost           Conj/Ice       ####..       1%          2    None
i - Airstrike             Air            ###.......   1%          4    None
j - Freezing Cloud        Conj/Ice/Air   ####......   4%          6    #####..
l - Iron Shot             Conj/Erth      #####.....   1%          6    #####..


Dungeon Overview and Level Annotations

Branches:
Dungeon (15/15)            Temple (0/1) D:5            Lair (6/6) D:11
  Swamp (1/4) Lair:4       Spider (1/4) Lair:2        Slime (0/5) Lair:5
    Orc (2/2) D:11            Elf (0/3) Orc:2        Vaults (0/5) D:13
 Depths: D:15

Altars:
Ashenzari
Cheibriados
Dithmenos
Okawaru
Qazlal
Sif Muna
Uskayaw
Vehumet
Yredelemnul

Shops:
D:6 [*   D:9 %   D:14 !(}   D:15 :

Annotations:
D:13 spellbooks are here
D:15 Josephine
Lair:5 exclusion: oklob plant
Swamp:1 exclusion: Roxanne, Roxanne


Innate Abilities, Weirdness & Mutations

You can walk through water.
Your dull iron-grey scales are very hard. (AC +14)
You cannot fit into any form of body armour.
You can survive without breathing.
You are cold-blooded and may be slowed by cold attacks.
Your tail ends in a poisonous barb.
You are covered in fur. (AC +1)
[You are very dopey. (Int -4)]
[You are very frail. (-20% HP)]
[Your magical capacity is very low. (-20% MP)]
[Potions cannot restore your health.]
[Your spells are easier to cast, but less powerful.]
[You expend magic power (3 MP) to strengthen your wands.]


Message History

As you read the scroll of teleportation, it crumbles to dust.
You feel strangely unstable.
You feel the power of the Abyss delaying your translocation!
The guardian serpent hits you!!
* * * LOW HITPOINT WARNING * * *
A starcursed mass splits.
The guardian serpent hits you but does no damage.
The wretched star pulses with an eldritch light!
You feel less energetic. x2
Found a gateway leading deeper into the Abyss.
A wraith comes into view.
The guardian serpent casts a spell at you.
You resist with almost no effort.
The wretched star pulses with an eldritch light!
Your system completely rejects the healing effects of potions.
Your connection to magic feels subdued.
Your connection to magic feels more subdued.
The wretched star glows turbulently.
The orb of energy hits you!
You die...

....# ##...##. # #
#.#....# .#.#..##.
#### . .
.....##.#.#.#.# #
#.#.......#.##.. ...#
......#*...W#.....#
..#..##*.#.......#
#..#..#*#..# §##)...
#..#..#...#..#. # ...
#...@#.#XX..#.... #.
.......##..X.X#.#.##.#
. .#..... §#...#.#.##
. ..#.#.. >#.....X.#
#.. .......#.#...# ##
#.#..##...#..#. #....
###.#...#.. ###.


You could see 2 wretched stars.

Vanquished Creatures
  A sphinx (D:14)
  Gastronok (Orc:1)
  A frost giant (D:13)
  An orc warlord (Orc:1)
  5 hydras
  4 vault guards (D:13)
  A catoblepas (Lair:5)
  3 centaur warriors
  3 two-headed ogres
  Urug (D:12)
  A deep troll earth mage (D:13)
  2 tengu warriors
  Sonja (Lair:1)
  8 unseen horrors
  A sea snake (shapeshifter) (D:13)
  A hell knight (D:14)
  3 wizards
  A wolf spider (D:14)
  An orc knight (D:13)
  A salamander (D:15)
  An orb spider (Spider:1)
  A deep elf mage (D:12)
  A manticore (D:9)
  6 cyclopes
  2 black mambas
  12 elephants
  2 centaur zombies (D:15)
  10 spiny frogs
  2 gargoyles
  3 kobold demonologists
  A yaktaur (D:13)
  2 rime drakes
  2 ice devils (Lair:3)
  7 komodo dragons
  4 meliai
  A tengu conjurer (D:13)
  9 trolls
  2 jumping spiders (Lair:2)
  3 polar bears (Lair:3)
  A queen bee (D:11)
  22 blink frogs
  3 hornets
  Grinder (D:2)
  5 dream sheep (Lair:4)
  A raiju (shapeshifter) (D:13)
  16 hippogriffs
  A shadow (D:14)
  Sigmund (D:3)
  2 wraiths
  2 vampires
  4 wyverns
  33 yaks
  A basilisk (D:13)
  A steam dragon (D:12)
  2 wargs
  A soldier ant (D:12)
  11 water moccasins
  An acid dragon (D:14)
  13 porcupines
  4 sky beasts
  A small abomination (Abyss:2)
  18 orc warriors
  4 black bears
  2 ice beasts
  3 phantoms (D:13)
  11 ogres
  7 wolves
  5 centaurs
  16 crocodiles
  24 bullfrogs
  A big kobold (D:12)
  A gnoll sergeant (D:13)
  A wyvern zombie (D:10)
  3 scorpions
  38 killer bees
  20 wights
  7 howler monkeys
  14 crimson imps
  3 bullfrog zombies
  2 quasits
  A jelly (D:11)
  3 hounds
  5 centaur skeletons
  13 orc priests
  13 orc wizards
  A bullfrog skeleton (D:10)
  An iguana (D:8)
  6 worker ants
  5 hell rats (Lair:6)
  A hound skeleton (D:7)
  A howler monkey zombie (D:9)
  2 worker ant zombies
  14 gnolls
  12 adders
  2 shadow imps
  3 oozes
  An adder skeleton (D:6)
  An adder zombie (D:6)
  4 worms
  3 dart slugs (D:1)
  6 leopard geckos
  65 orcs
  7 giant cockroaches
  7 goblins
  6 hobgoblins
  14 jackals
  9 kobolds
  3 quokkas
  A ball python (D:1)
  10 bats
  2 frilled lizards
  2 leopard gecko zombies
  3 quokka skeletons
  6 rats
  A fungus (Lair:6)
  A plant (Lair:3)
654 creatures vanquished.

Vanquished Creatures (collateral kills)
  A hippogriff (Lair:4)
  5 yaks (Lair:4)
  A porcupine (Lair:4)
  An orc priest (D:3)
  A hound (D:4)
  An orc (D:4)
  2 kobolds (D:2)
  A rat (D:2)
13 creatures vanquished.

Vanquished Creatures (others)
  An unseen horror (D:10)
  A bullfrog (D:13)
  2 fulminant prisms
  27 fungi
  17 plants
48 creatures vanquished.

Grand Total: 715 creatures vanquished

Notes
Turn   | Place    | Note
-------+----------+-------------------------------------------
     0 | D:1      | tilp the Draconian Wizard began the quest for the Orb.
     0 | D:1      | Reached XP level 1. HP: 14/14 MP: 4/4
   558 | D:1      | Reached skill level 1 in Fighting
   644 | D:1      | Reached XP level 2. HP: 21/23 MP: 1/6
  1013 | D:1      | Learned a level 2 spell: Call Imp
  1016 | D:1      | Learned a level 2 spell: Slow
  1019 | D:1      | Learned a level 2 spell: Blink
  1391 | D:1      | Reached XP level 3. HP: 28/29 MP: 1/8
  2170 | D:2      | Found a hide-covered altar of Uskayaw.
  2170 | D:2      | Noticed a hand axe
  2170 | D:2      | Noticed a dagger
  3318 | D:2      | Reached XP level 4. HP: 37/37 MP: 1/9
  3385 | D:2      | Learned a level 3 spell: Conjure Flame
  3809 | D:3      | Upgraded the game from 0.21-a0-582-g1b93aee to 0.21-a0-584-g185da8e
  4007 | D:3      | Noticed Grinder
  4659 | D:3      | Noticed Sigmund
  5274 | D:2      | Reached XP level 5. HP: 29/45 MP: 3/11
  5790 | D:3      | HP: 3/67 [worker ant (2)]
  6360 | D:3      | Found a snail-covered altar of Cheibriados.
  7075 | D:3      | Found a basalt altar of Yredelemnul.
  7076 | D:3      | Found a radiant altar of Vehumet.
  7081 | D:3      | Became a worshipper of Vehumet
  7755 | D:4      | Reached XP level 6. HP: 21/52 MP: 0/12
  8110 | D:4      | Learned a level 3 spell: Mephitic Cloud
  8228 | D:4      | Found a shattered altar of Ashenzari.
  8437 | D:4      | Reached * piety under Vehumet
  8437 | D:4      | Offered knowledge of Flame Tongue by Vehumet.
  8636 | D:4      | Learned a level 1 spell: Flame Tongue
  9361 | D:4      | Found a deep blue altar of Sif Muna.
  9375 | D:5      | Entered Level 5 of the Dungeon
  9498 | D:5      | Reached skill level 5 in Spellcasting
  9559 | D:5      | Found a staircase to the Ecumenical Temple.
  9651 | D:5      | Your scales start taking on a dull iron-grey colour.
  9651 | D:5      | Reached XP level 7. HP: 56/59 MP: 14/14
  9651 | D:5      | Gained mutation: You can survive without breathing. [Grey Draconian growth]
  9898 | D:5      | Reached skill level 1 in Poison Magic
 10088 | D:5      | Reached skill level 1 in Fire Magic
 10131 | D:5      | Reached skill level 1 in Air Magic
 10176 | D:6      | Found Mubeydi's Antique Armour Boutique.
 10479 | D:6      | Offered knowledge of Throw Frost by Vehumet.
 10483 | D:6      | Learned a level 2 spell: Throw Frost
 10544 | D:6      | Reached ** piety under Vehumet
 10598 | D:6      | Found Cowes's Assorted Antiques.
 10737 | D:6      | Bought a fuming golden potion for 15 gold pieces
 10737 | D:6      | Bought a scroll labeled TORUCUIXZU for 17 gold pieces
 10737 | D:6      | Bought a scroll labeled YMIGREE LEZOGI for 17 gold pieces
 10737 | D:6      | Bought a scroll labeled LEOKUM ERICW for 17 gold pieces
 10759 | D:6      | Reached XP level 8. HP: 66/66 MP: 16/16
 10789 | D:6      | Reached skill level 1 in Ice Magic
 11071 | D:6      | Reached skill level 5 in Conjurations
 11431 | D:6      | Found an iron altar of Okawaru.
 12539 | D:7      | Reached XP level 9. HP: 71/71 MP: 20/20
 12921 | D:8      | Noticed a two-headed ogre
 12943 | D:8      | Killed a two-headed ogre
 12949 | D:8      | Offered knowledge of Ignite Poison by Vehumet.
 13245 | D:8      | Reached skill level 5 in Fighting
 13396 | D:8      | Found a stormy altar of Qazlal.
 13399 | D:8      | Noticed a two-headed ogre
 13475 | D:8      | Killed a two-headed ogre
 13643 | D:8      | Reached XP level 10. HP: 35/84 MP: 22/22
 13903 | D:8      | Reached *** piety under Vehumet
 15000 | D:9      | Offered knowledge of Airstrike by Vehumet.
 15205 | D:9      | Learned a level 4 spell: Airstrike
 15358 | D:9      | Reached skill level 1 in Hexes
 15432 | D:9      | Noticed a manticore
 15447 | D:9      | Killed a manticore
 15550 | D:9      | Found a stormy altar of Qazlal.
 15608 | D:9      | Got a jewelled quarterstaff
 15637 | D:9      | Found Conoseh's Food Emporium.
 15729 | D:9      | Identified the cursed +2 quarterstaff of Rotation {speed, rF+ MR+} (You found it on level 9 of the Dungeon)
 15758 | D:10     | Entered Level 10 of the Dungeon
 16319 | D:10     | Found a shadowy altar of Dithmenos.
 17010 | D:10     | Reached **** piety under Vehumet
 18161 | D:10     | Killed an unseen horror
 18321 | D:11     | Found a staircase to the Orcish Mines.
 18362 | D:11     | Reached XP level 11. HP: 92/94 MP: 17/24
 18366 | D:11     | Offered knowledge of Bolt of Draining by Vehumet.
 18999 | D:11     | Noticed a four-headed hydra
 19012 | D:11     | Killed a four-headed hydra
 19012 | D:11     | Reached skill level 10 in Spellcasting
 19646 | D:11     | Reached skill level 10 in Conjurations
 20221 | D:11     | Found a staircase to the Lair.
 20356 | D:11     | Reached skill level 10 in Fighting
 20363 | D:11     | Reached skill level 1 in Staves
 20363 | D:11     | Reached skill level 1 in Evocations
 20541 | Orc:1    | Entered Level 1 of the Orcish Mines
 21515 | Orc:1    | Noticed Gastronok
 21544 | Lair:1   | Entered Level 1 of the Lair of Beasts
 21918 | Lair:1   | Noticed Sonja
 22012 | Lair:1   | Reached skill level 5 in Dodging
 22622 | Lair:1   | Reached XP level 12. HP: 91/106 MP: 7/26
 24685 | Lair:2   | Found a hole to the Spider Nest.
 25820 | Lair:2   | Reached skill level 5 in Evocations
 27932 | Lair:3   | Reached ***** piety under Vehumet
 28391 | Lair:4   | Found a staircase to the Swamp.
 28411 | Lair:4   | Offered knowledge of Freezing Cloud by Vehumet.
 28648 | Lair:4   | Learned a level 6 spell: Freezing Cloud
 28701 | Lair:4   | Reached XP level 13. HP: 94/114 MP: 27/27
 30831 | Lair:5   | Found a staircase to the Slime Pits.
 31657 | D:3      | Killed Sigmund
 32000 | D:2      | Killed Grinder
 32608 | Lair:1   | Killed Sonja
 32862 | Orc:1    | Killed Gastronok
 33831 | Orc:1    | Noticed an orc warlord
 35088 | Spider:1 | Entered Level 1 of the Spider Nest
 35582 | Swamp:1  | Entered Level 1 of the Swamp
 35582 | Swamp:1  | Noticed Roxanne
 37599 | D:12     | Noticed Urug
 37857 | D:12     | Killed Urug
 39270 | D:12     | Offered knowledge of Fulminant Prism by Vehumet.
 39278 | D:12     | Learned a level 4 spell: Fulminant Prism
 39437 | D:13     | Reached XP level 14. HP: 119/125 MP: 20/29
 40017 | D:13     | Noticed a frost giant
 40582 | D:13     | Learned a level 6 spell: Iron Shot
 40618 | D:13     | Reached skill level 1 in Earth Magic
 41347 | D:13     | Reached skill level 5 in Earth Magic
 41986 | D:13     | Killed a frost giant
 42748 | D:13     | Found a gate to the Vaults.
 43017 | D:14     | Found Yleuline's Gadget Shoppe.
 43103 | D:14     | Found Rearoud's Weapon Shoppe.
 43426 | D:14     | Found Axatiu Laym's Distillery.
 43452 | D:14     | Bought a potion of magic for 120 gold pieces
 43452 | D:14     | Bought a potion of resistance for 150 gold pieces
 44077 | D:14     | Noticed a sphinx
 44109 | D:14     | Paralysed by a sphinx for 7 turns
 44309 | D:14     | Paralysed by a sphinx for 3 turns
 44619 | D:14     | Killed a sphinx
 44619 | D:14     | Reached skill level 10 in Earth Magic
 45248 | D:15     | Entered Level 15 of the Dungeon
 45471 | D:15     | Noticed Josephine
 45542 | D:14     | Reached skill level 10 in Dodging
 45642 | D:15     | Offered knowledge of Irradiate by Vehumet.
 45652 | D:15     | Learned a level 5 spell: Iskenderun's Battlesphere
 45694 | D:15     | Found Zoips's Book Shoppe.
 46916 | Lair:6   | Entered Level 6 of the Lair of Beasts
 48311 | Lair:6   | Reached XP level 15. HP: 60/132 MP: 10/31
 48796 | Lair:6   | Identified 2 scrolls of acquirement
 50359 | D:11     | Gained mutation: [You are dopey. (Int -2)] [potion of mutation]
 50359 | D:11     | Gained mutation: Your body sometimes deteriorates upon taking damage. [potion of mutation]
 50359 | D:11     | Gained mutation: You are agile. (Dex +2) [potion of mutation]
 50360 | D:11     | Lost mutation: You are agile. (Dex +2) [potion of mutation]
 50360 | D:11     | Lost mutation: Your body sometimes deteriorates upon taking damage. [potion of mutation]
 50360 | D:11     | Gained mutation: Your tail ends in a poisonous barb. [potion of mutation]
 50360 | D:11     | Gained mutation: You are covered in fur. (AC +1) [potion of mutation]
 50360 | D:11     | Lost mutation: [You are dopey. (Int -2)] [potion of mutation]
 50366 | Orc:1    | Killed an orc warlord
 50805 | Orc:2    | Entered Level 2 of the Orcish Mines
 50808 | Orc:2    | Noticed an orc warlord
 51135 | Orc:2    | Cast into level 2 of the Abyss (orc warlord)
 51225 | Abyss:2  | Killed from afar by a wretched star

Vault maps used:
D:1:      nzn_arrival_depleted_hourglass, minmay_octomino_j4
D:2:      dancing_weapons_uskayaw, minmay_split_cup_small
D:3:      cheibriados_altar_1, gammafunk_temple_overflow_wave, uniq_grinder,
          uniq_sigmund
D:4:      kennysheep_mini, minmay_misc_feat_rows, lemuel_tele_altar
D:5:      minmay_temple_entry_crystal_x, first_ration
D:6:      lemuel_round_altar, serial_shops, nicolae_shop_window_shopping,
          nicolae_shop_temple_entry_statues_fountains
D:8:      grunt_qazlal_clouds
D:9:      basic_altar, serial_shops, nicolae_shop_window_shopping
D:10:     grunt_ogre_cave, nicolae_dithmenos_the_darkroom
D:11:     grunt_lair_entry_orc_guard_hut, orc_0_dummy, serial_bayou_pond_d
D:12:     uniq_urug
D:13:     minmay_sliced_demisemicircle, grunt_vaults_entry_fortified,
          hangedman_batty
D:14:     minmay_outward_triangles, serial_shops, shop, nicolae_shop_waterfront,
          shop
D:15:     hangedman_depths_entry_try_elsewhere_first, serial_shops, shop_statue,
          corexii_hall_statues_l, uniq_josephine
Lair:1:   grunt_megastairs_3, uniq_sonja
Lair:2:   dummy_spider_entry, serial_bayou_shore_b
Lair:3:   portal_ice_cave_demonic_guard
Lair:4:   swamp_mist_pool, wad_woods_road_02, grunt_megastairs_1
Lair:5:   minmay_slime_entry_oklob_open, lemuel_fruit_tree
Lair:6:   due_jungle_book, st_stairs_10, eino_small_chamber_without_monster,
          infiniplex_staircase_pool_2
Swamp:1:  evilmike_swamp_ruin_house_6, uniq_roxanne
Orc:1:    uniq_gastronok
Orc:2:    st_orc_mages

Skill      XL: |  1  2  3  4  5  6  7  8  9 10 11 12 13 14 15 |
---------------+----------------------------------------------+-----
Fighting       | 1 2 3 4 6 7 10 11 12 | 12.0
Spellcasting   | 4 5 7 8 9 10 11 12 | 12.0
Conjurations   | 3 4 6 7 9 10 11 12 | 12.0
Poison Magic   | 2 |  2.1
Fire Magic     | 2 |  2.1
Air Magic      | 2 4 |  4.0
Ice Magic      | 2 4 |  4.1
Summonings     | 2 |  2.1
Dodging        | 4 5 8 9 10 11 | 11.4
Hexes          | 2 |  2.1
Staves         | 4 |  4.0
Evocations     | 2 5 |  5.2
Earth Magic    | 10 | 10.2
Stealth        | |  1.7
Translocations | |  1.0

Action                   |  1- 3 |  4- 6 |  7- 9 | 10-12 | 13-15 || total
-------------------------+-------+-------+-------+-------+-------++-------
Melee: Club              |    20 |       |       |       |       ||    20
       Tailslap          |     3 |     5 |     6 |    50 |   123 ||   187
       Short sword       |    40 |    87 |       |       |       ||   127
       Staff             |       |     8 |   124 |    18 |       ||   150
       Quarterstaff      |       |       |       |   592 |  1001 ||  1593
Throw: Tomahawk          |       |       |     4 |       |     1 ||     5
       Javelin           |       |       |       |       |     4 ||     4
 Cast: Magic Dart        |   116 |   228 |   317 |   475 |   174 ||  1310
       Call Imp          |     2 |    15 |       |     1 |       ||    18
       Blink             |       |    17 |     4 |     6 |    10 ||    37
       Conjure Flame     |       |     7 |    19 |    95 |    37 ||   158
       Slow              |       |     2 |       |     1 |     3 ||     6
       Mephitic Cloud    |       |     6 |    18 |    41 |    20 ||    85
       Flame Tongue      |       |     2 |     7 |    32 |     6 ||    47
       Throw Frost       |       |       |    10 |    26 |    27 ||    63
       Airstrike         |       |       |       |   102 |   187 ||   289
       Freezing Cloud    |       |       |       |       |    32 ||    32
       Iron Shot         |       |       |       |       |    96 ||    96
       Iskenderun's Batt |       |       |       |       |     7 ||     7
       Fulminant Prism   |       |       |       |       |     2 ||     2
Evoke: Wand              |       |       |       |     5 |     1 ||     6
       Lightning rod     |       |       |       |     5 |    12 ||    17
       Phial of floods   |       |       |       |     1 |       ||     1
  Use: Potion            |       |     4 |       |     3 |     9 ||    16
       Scroll            |       |       |     9 |     7 |    16 ||    32
 Stab: Sleeping          |     1 |       |       |     2 |     2 ||     5
       Confused          |       |     1 |       |     3 |     2 ||     6
       Distracted        |       |       |       |     1 |     1 ||     2
       Petrified         |       |       |       |       |     3 ||     3
  Eat: Chunk             |     7 |    14 |    13 |    30 |    47 ||   111
       Ration            |       |     2 |       |     6 |    18 ||    26
Armor: Skin              |    38 |    77 |   109 |   345 |   428 ||   997
Dodge: Dodged            |    89 |   147 |   117 |   506 |   990 ||  1849

Table legend:
 A = Spawn XP
 B = Non-spawn XP
 C = Spawn XP percentage of total XP
 D = Spawn monster count
 E = Non-spawn monster count
 F = Spawn count percentage of total count
 G = Total turns spent on level
                    A         B        C        D         E        F      G
               +---------+---------+-------+---------+---------+-------+---------
         Total |     186 |  112763 |   0.2 |       2 |     664 |   0.3 | 51225
               +---------+---------+-------+---------+---------+-------+---------
           D:1 |       0 |      67 |   0.0 |       0 |      32 |   0.0 |  2835
           D:2 |       0 |     406 |   0.0 |       0 |      24 |   0.0 |  3611
           D:3 |       0 |     349 |   0.0 |       0 |      14 |   0.0 |  1578
           D:4 |       0 |     343 |   0.0 |       0 |      27 |   0.0 |  1830
           D:5 |       0 |     247 |   0.0 |       0 |      15 |   0.0 |   822
           D:6 |       0 |    1116 |   0.0 |       0 |      25 |   0.0 |  1697
           D:7 |       0 |     827 |   0.0 |       0 |      19 |   0.0 |  1216
           D:8 |       0 |    3781 |   0.0 |       0 |      32 |   0.0 |  1676
           D:9 |       0 |    1521 |   0.0 |       0 |      10 |   0.0 |  1439
          D:10 |       0 |    3056 |   0.0 |       0 |      37 |   0.0 |  3097
          D:11 |       0 |    8715 |   0.0 |       0 |      74 |   0.0 |  4990
          D:12 |       0 |    9644 |   0.0 |       0 |      44 |   0.0 |  3053
          D:13 |       0 |   20337 |   0.0 |       0 |      64 |   0.0 |  3736
          D:14 |       0 |    8934 |   0.0 |       0 |      18 |   0.0 |  2917
          D:15 |       0 |    4579 |   0.0 |       0 |      12 |   0.0 |   920
        Lair:1 |       0 |    6950 |   0.0 |       0 |      32 |   0.0 |  2709
        Lair:2 |       0 |    7025 |   0.0 |       0 |      25 |   0.0 |  3065
        Lair:3 |       0 |    5385 |   0.0 |       0 |      23 |   0.0 |  2006
        Lair:4 |       0 |    6906 |   0.0 |       0 |      30 |   0.0 |  2145
        Lair:5 |       0 |    4214 |   0.0 |       0 |      17 |   0.0 |  2414
        Lair:6 |       0 |   11242 |   0.0 |       0 |      41 |   0.0 |  1657
      Spider:1 |       0 |     547 |   0.0 |       0 |       1 |   0.0 |    38
         Orc:1 |       0 |    6269 |   0.0 |       0 |      40 |   0.0 |  1613
         Orc:2 |       0 |     303 |   0.0 |       0 |       8 |   0.0 |    69
       Abyss:2 |     186 |       0 | 100.0 |       2 |       0 | 100.0 |    90
               +---------+---------+-------+---------+---------+-------+---------
